 Dungeon Crawl Stone Soup version 0.18.1-50-g88ac8fd (webtiles) character file.

6656 mizurashi the Nimble (level 10, -1/80 HPs)
             Began as a Demonspawn Fighter on Oct 5, 2016.
             Was an Elder of Okawaru.
             Slain by an orc warrior
             ... wielding a +0 short sword
              (19 damage)
             ... on level 11 of the Dungeon on Oct 6, 2016.
             The game lasted 00:48:20 (9504 turns).

mizurashi the Nimble (Demonspawn Fighter)           Turns: 9504, Time: 00:48:21

Health: -1/80      AC: 20    Str: 21 (23) XL:     10   Next: 73%
Magic:  14/14      EV: 16    Int: 13      God:    Okawaru [****..]
Gold:   321        SH: 11    Dex: 16      Spells: 0 memorised, 15 levels left

rFire  . . .     SeeInvis .     E - +1 falchion
rCold  + . .     Gourm    .     e - +1 leather armour {rC+}
rNeg   . . .     Faith    .     c - +0 shield
rPois  .         Spirit   .     m - +0 helmet
rElec  .         Dismiss  .     j - +0 cloak
rCorr  .         Reflect  .     a - +2 pair of gloves {Str+3}
SustAt .         Harm     .     G - +1 pair of boots
MR     .....                    (no amulet)
Stlth  ++++......               v - ring of stealth
                                i - +3 ring of dexterity

@: not resistant to hostile enchantments, stealthy
A: iridescent scales 3, clever 2, powered by death 1, regeneration 1, evolution
1, rot immunity, sturdy frame 1
a: Heroism, Renounce Religion


You were on level 11 of the Dungeon.
You worshipped Okawaru.
Okawaru was greatly pleased with you.
You were not hungry.

You visited 1 branch of the dungeon, and saw 11 of its levels.

You collected 527 gold pieces.
You spent 206 gold pieces at shops.

Inventory:

Hand Weapons
 E - a +1 falchion (weapon)
Armour
 a - a +2 pair of gloves of strength (worn)
 c - a +0 shield (worn)
 e - a +1 leather armour of cold resistance (worn)
 j - a +0 cloak (worn)
 m - a +0 helmet (worn)
 G - a +1 pair of boots (worn)
Magical Staves
 C - an uncursed staff of power {unknown}
Jewellery
 i - a +3 ring of dexterity (left hand)
 v - a ring of stealth (right hand)
Wands
 o - a wand of random effects (23/48)
 z - a wand of flame (13/48)
Scrolls
 b - a scroll of identify
 k - 4 scrolls of remove curse
 n - 3 scrolls of recharging
 p - a scroll of magic mapping
 s - 2 scrolls of noise
 t - a scroll of enchant weapon
 u - a scroll of fog {unknown}
 w - 3 scrolls of enchant armour
 y - 2 scrolls of blinking
 A - a scroll of vulnerability {unknown}
 B - 3 scrolls of immolation {unknown}
Potions
 g - a potion of brilliance
 q - 3 potions of lignification
 F - a potion of magic
Books
 l - a Fen Folio

   Spells                             Type                      Level
   a - Corpse Rot                     Necromancy                   2
   b - Stone Arrow                    Conjuration/Earth            3
   c - Leda's Liquefaction            Hexes/Earth                  4
   d - Summon Forest                  Summoning/Translocation      5
   e - Hydra Form                     Transmutation                6
   f - Summon Hydra                   Summoning                    7
 r - a book of Flames

   Spells                             Type                      Level
   a - Flame Tongue                   Conjuration/Fire             1
   b - Throw Flame                    Conjuration/Fire             2
   c - Conjure Flame                  Conjuration/Fire             3
   d - Inner Flame                    Hexes/Fire                   3
   e - Sticky Flame                   Conjuration/Fire             4
   f - Fireball                       Conjuration/Fire             5
 H - a book of Ice

   Spells                             Type                      Level
   a - Ice Form                       Ice/Transmutation            4
   b - Metabolic Englaciation         Hexes/Ice                    5
   c - Ozocubu's Refrigeration        Ice                          6
   d - Bolt of Cold                   Conjuration/Ice              6
   e - Freezing Cloud                 Conjuration/Ice/Air          6
   f - Simulacrum                     Ice/Necromancy               6
Comestibles
 d - a chunk of flesh
 f - 6 bread rations
 h - 9 meat rations
 D - 29 fruits


   Skills:
 + Level 7.7 Fighting
 + Level 6.0 Long Blades
 + Level 5.4 Armour
 + Level 8.1 Dodging
 + Level 4.6 Stealth
 + Level 7.8 Shields
 + Level 3.2 Spellcasting
 + Level 0.6 Invocations
 + Level 3.6 Evocations


You had 15 spell levels left.
You didn't know any spells.

Dungeon Overview and Level Annotations

Branches:
Dungeon (11/15)            Temple (0/1) D:5            Lair (0/8) D:11
    Orc (0/2) D:9

Altars:
Ashenzari
Elyvilon
Fedhas
Okawaru
Pakellas
Trog
Xom
Yredelemnul
Zin

Shops:
D:5 [!   D:6 =


Innate Abilities, Weirdness & Mutations

You are completely covered in iridescent scales (AC +8).
You regenerate a little health from kills.
You are immune to rotting.
Your mind is very acute. (Int +4)
Your natural rate of healing is unusually fast.
You evolve.
Your movements are slightly less encumbered by armour (ER -2).


Message History

You hit the orc warrior.
The orc warrior is almost dead.
The orc warrior hits you but does no damage.
The river rat closely misses you.
The yak gores something but does no damage.
You hit the orc warrior.
The orc warrior is almost dead.
You block the orc warrior's attack.
The yak gores the plant!
You block the river rat's attack.
The yak gores something.
You barely miss the orc warrior.
The orc warrior is almost dead.
The orc warrior hits you with a short sword!
* * * LOW HITPOINT WARNING * * *
The yak gores the plant.
You block the river rat's attack.
The yak gores something.
A river rat comes into view.
You hit the orc warrior but do no damage.
The orc warrior is almost dead.
The orc warrior hits you with a short sword!!
You die...

.................<#
.................<#
..........Y†......#
...Pr..P..P†......#
......PP..P†.P....#
##..PZr..P.PP....##
#.....YYP..PP...##
#..P.P#r##.P.P..#
..PY. #@(#P.....#
.P.P #.o#......#
..b ####..P..## ..
PPP...# . .P...##
....#


You could see 2 yaks, an orc warrior, an ice beast, 3 river rats and a hound
skeleton.

Vanquished Creatures
  A hill giant (D:9)
  The ghost of Lluna the Shooter, an amateur CeAM of Gozag (D:4)
  A yak (D:11)
  Grum (D:8)
  Menkaure (D:7)
  A hungry ghost (D:9)
  A black bear (D:11)
  5 orc warriors
  An ice beast (D:9)
  7 ogres
  3 sky beasts
  2 phantoms
  3 wolves (D:8)
  A centaur (D:8)
  A big kobold (D:9)
  3 giant frogs
  A wyvern skeleton (D:7)
  A scorpion (D:4)
  13 killer bees
  4 wights (D:8)
  4 crimson imps
  5 hounds
  A jelly (D:8)
  2 centaur zombies (D:5)
  A giant frog zombie (D:8)
  Crazy Yiuf (D:7)
  7 orc priests
  2 giant frog skeletons
  13 orc wizards
  Jessica (D:3)
  A centaur skeleton (D:4)
  5 iguanas
  8 worker ants
  A killer bee zombie (D:8)
  A hound zombie (D:9)
  A hound skeleton (D:7)
  A worker ant zombie (D:5)
  Robin (D:3)
  5 gnolls
  A howler monkey skeleton (D:8)
  11 adders
  A shadow imp (D:6)
  An ooze (D:2)
  3 adder skeletons
  2 worms (D:3)
  2 dart slugs (D:1)
  8 giant geckos
  70 orcs
  3 giant cockroaches
  22 goblins
  12 hobgoblins
  13 jackals
  8 quokkas
  3 ball pythons
  17 bats
  5 giant newts
  A jackal zombie (D:6)
  13 kobolds
  17 rats
326 creatures vanquished.

Vanquished Creatures (others)
  A kobold (D:2)
  4 fungi (D:11)
  2 plants (D:11)
7 creatures vanquished.

Grand Total: 333 creatures vanquished

Notes
Turn   | Place    | Note
--------------------------------------------------------------
     0 | D:1      | mizurashi the Demonspawn Fighter began the quest for the Orb.
     0 | D:1      | Reached XP level 1. HP: 18/18 MP: 1/1
   212 | D:1      | Gained mutation: You are partially covered in iridescent scales (AC +4). [demonic ancestry]
   212 | D:1      | Reached XP level 2. HP: 16/24 MP: 2/2
   388 | D:1      | Gained mutation: You are mostly covered in iridescent scales (AC +6). [demonic ancestry]
   388 | D:1      | Reached XP level 3. HP: 26/29 MP: 3/3
   918 | D:2      | Reached XP level 4. HP: 35/35 MP: 4/4
  1527 | D:2      | Reached skill level 1 in Dodging
  1684 | D:3      | Noticed a phantom
  1706 | D:3      | Killed a phantom
  1706 | D:3      | Reached XP level 5. HP: 40/41 MP: 5/5
  1902 | D:3      | Noticed Jessica
  1911 | D:3      | Reached skill level 2 in Dodging
  1917 | D:3      | Reached XP level 6. HP: 39/48 MP: 6/6
  1940 | D:3      | Killed Jessica
  2795 | D:3      | Noticed Robin
  2812 | D:3      | Killed Robin
  2829 | D:3      | Reached skill level 5 in Armour
  2829 | D:3      | Reached skill level 5 in Dodging
  2829 | D:3      | Reached skill level 5 in Shields
  2829 | D:3      | Gained mutation: You regenerate a little health from kills. [demonic ancestry]
  2829 | D:3      | Reached XP level 7. HP: 16/59 MP: 6/11
  3064 | D:4      | Noticed Lluna's ghost (amateur CeAM)
  3150 | D:4      | Killed Lluna's ghost
  3150 | D:4      | Reached XP level 8. HP: 15/65 MP: 12/12
  3414 | D:4      | Reached skill level 6 in Dodging
  3422 | D:4      | Found an oddly glowing altar of Pakellas.
  3424 | D:4      | Found a basalt altar of Yredelemnul.
  3427 | D:4      | Found a glowing silver altar of Zin.
  3442 | D:4      | Found a blossoming altar of Fedhas.
  3871 | D:4      | Found an iron altar of Okawaru.
  3908 | D:4      | Became a worshipper of Warmaster Okawaru
  3945 | D:5      | Entered Level 5 of the Dungeon
  3970 | D:5      | Found Mudutt's Antique Armour Boutique.
  3980 | D:5      | Bought a pair of embroidered gloves for 103 gold pieces
  3980 | D:5      | Bought a pair of boots for 103 gold pieces
  4109 | D:5      | Found a white marble altar of Elyvilon.
  4383 | D:5      | Found a staircase to the Ecumenical Temple.
  4492 | D:5      | Found Loteacle's Distillery.
  4980 | D:6      | Reached * piety under Okawaru
  4980 | D:6      | Gained mutation: You are completely covered in iridescent scales (AC +8). [demonic ancestry]
  4980 | D:6      | Reached XP level 9. HP: 72/72 MP: 13/13
  4989 | D:6      | Gained mutation: You evolve. [mutagenic meat]
  4992 | D:6      | Gained mutation: Your body sometimes deteriorates upon taking damage. [mutagenic meat]
  4993 | D:6      | Gained mutation: Your mind is acute. (Int +2) [mutagenic meat]
  4994 | D:6      | Gained mutation: Your mind is very acute. (Int +4) [mutagenic meat]
  4995 | D:6      | Gained mutation: Your natural rate of healing is unusually fast. [mutagenic meat]
  5211 | D:6      | HP: 2/72 [orc warrior/dire flail (14)]
  5216 | D:6      | Reached skill level 5 in Long Blades
  5393 | D:6      | Found Guwur's Jewellery Shop.
  5878 | D:7      | Noticed Crazy Yiuf
  5887 | D:7      | Killed Crazy Yiuf
  5961 | D:7      | Noticed Menkaure
  5964 | D:7      | Found a shattered altar of Ashenzari.
  5972 | D:7      | Killed Menkaure
  6898 | D:8      | Reached ** piety under Okawaru
  7160 | D:8      | Noticed Grum
  7208 | D:8      | Reached skill level 7 in Dodging
  7265 | D:8      | Gained mutation: You are immune to rotting. [demonic ancestry]
  7265 | D:8      | Reached XP level 10. HP: 74/79 MP: 14/14
  7313 | D:8      | Killed Grum
  7432 | D:8      | Reached *** piety under Okawaru
  7638 | D:8      | Gained mutation: Your movements are slightly less encumbered by armour (ER -2). [evolution]
  8456 | D:9      | Found a bloodstained altar of Trog.
  8512 | D:9      | Gained mutation: Your muscles are strong. (Str +2) [mutagenic meat]
  8513 | D:9      | Gained mutation: You are agile. (Dex +2) [mutagenic meat]
  8514 | D:9      | Lost mutation: You are agile. (Dex +2) [potion of cure mutation]
  8514 | D:9      | Lost mutation: Your body sometimes deteriorates upon taking damage. [potion of cure mutation]
  8514 | D:9      | Lost mutation: Your muscles are strong. (Str +2) [potion of cure mutation]
  8750 | D:9      | Found a staircase to the Orcish Mines.
  8852 | D:10     | Entered Level 10 of the Dungeon
  8860 | D:9      | HP: 5/118 [orc warrior/halberd (2)]
  8875 | D:9      | HP: 5/118 [orc warrior/halberd (7)]
  9019 | D:9      | Noticed a hill giant
  9041 | D:9      | Killed a hill giant
  9041 | D:9      | Reached **** piety under Okawaru
  9041 | D:9      | Reached skill level 8 in Dodging
  9047 | D:9      | Found a shimmering altar of Xom.
  9481 | D:11     | Found a staircase to the Lair.
  9504 | D:11     | Slain by an orc warrior

Skill      XL: |  1  2  3  4  5  6  7  8  9 10 |
---------------+-------------------------------+-----
Armour         | 3 5 |  5.4
Shields        | 3 4 5 6 7 |  7.8
Long Blades    | 2 4 5 6 |  6.0
Dodging        | 1 2 5 6 7 8 |  8.1
Fighting       | 6 7 |  7.7
Stealth        | 3 4 |  4.6
Spellcasting   | 3 |  3.2
Evocations     | 3 |  3.6
Invocations    | |  0.6

Action                   |  1- 3 |  4- 6 |  7- 9 | 10-12 || total
-------------------------+-------+-------+-------+-------++-------
Melee: Long sword        |   106 |   276 |    25 |       ||   407
       Falchion          |       |       |   801 |   594 ||  1395
Invok: Heroism           |       |       |       |     1 ||     1
  Use: Potion            |       |     5 |    10 |     3 ||    18
       Scroll            |       |       |    14 |     3 ||    17
 Stab: Sleeping          |       |       |    12 |     5 ||    17
       Distracted        |       |       |       |     1 ||     1
  Eat: Chunk             |       |     2 |    14 |     5 ||    21
       Bread ration      |       |     1 |     2 |     2 ||     5
       Beef jerky        |       |       |       |     1 ||     1
Armor: Scale mail        |    79 |   185 |    71 |       ||   335
       Skin              |       |    23 |    35 |    26 ||    84
       Leather armour    |       |       |   222 |   222 ||   444
       Chain mail        |       |       |     8 |       ||     8
Dodge: Dodged            |    36 |   122 |   473 |   400 ||  1031
Block: Shield            |    69 |   216 |   562 |   433 ||  1280
